 Dungeon Crawl Stone Soup version 0.30-a0-964-gd452b5e7fa (webtiles) character file.

Game seed: 8671481239765668157

6997 Dirtsage the Severer (level 10, -5/70 HPs)
             Began as a Demonspawn Berserker on Mar 29, 2023.
             Was an Elder of Trog.
             Slain by a shadow (7 damage)
             ... on level 9 of the Dungeon on Mar 30, 2023.
             The game lasted 00:14:49 (9758 turns).

Dirtsage the Severer (Demonspawn Berserker)         Turns: 9758, Time: 00:14:51

Health: -5/70      AC: 10    Str: 22    XL:     10   Next: 82%
Magic:  10/10      EV: 11    Int:  9    God:    Trog [****..]
Gold:   363        SH:  0    Dex: 12    Spells: 9/9 levels left

rFire   . . .      SeeInvis .    E - +1 hand axe (heavy)
rCold   . . .      Faith    .    (no shield)
rNeg    . . .      Spirit   .    I - +0 swamp dragon scales
rPois   +          Reflect  .    (no helmet)
rElec   .          Rampage  .    O - +0 cloak
rCorr   .                        (gloves unavailable)
Will    .....                    (no boots)
Stlth   +                        (no amulet)
HPRegen 0.31/turn                (no ring)
MPRegen 0.12/turn                (no ring)

@: slowed, studying Long Blades, very slow
A: thin metallic scales 1, ignite blood 1, demonic touch 3
a: Renounce Religion, Berserk, Trog's Hand, Brothers in Arms


You were on level 9 of the Dungeon.
You worshipped Trog.
Trog was greatly pleased with you.
You visited 2 branches of the dungeon, and saw 10 of its levels.
You also visited: Sewer.

You collected 443 gold pieces.
You spent 80 gold pieces at shops.

Inventory:

Hand Weapons
 a - a +0 hand axe
 E - a +1 heavy hand axe (weapon)
Missiles
 G - a throwing net (quivered)
 L - 8 curare-tipped darts
Armour
 b - a +0 scale mail of willpower
 e - a +0 chain mail
 I - +0 swamp dragon scales (worn)
 K - a +0 pair of gloves
 O - a +0 cloak (worn)
Jewellery
 i - a ring of fire
 o - a +6 ring of intelligence
Wands
 y - a wand of roots (25)
 D - a wand of digging (6)
 F - a wand of polymorph (7)
 H - a wand of flame (43)
 R - a wand of quicksilver (3)
Scrolls
 d - 5 scrolls of teleportation {unknown}
 f - a scroll of fear {unknown}
 h - 2 scrolls of immolation {unknown}
 j - 11 scrolls of identify {unknown}
 m - a scroll of vulnerability {unknown}
 n - 3 scrolls of fog {unknown}
 p - 3 scrolls of magic mapping {unknown}
 r - a scroll of noise {unknown}
 s - 5 scrolls of enchant armour {unknown}
 w - 3 scrolls of amnesia {unknown}
 C - a scroll of enchant weapon {unknown}
 M - a scroll of silence {unknown}
 N - a scroll of brand weapon {unknown}
 Q - 2 scrolls of blinking {unknown}
Potions
 c - 8 potions of haste {unknown}
 g - 4 potions of flight {unknown}
 k - 3 potions of ambrosia {unknown}
 l - 2 potions of heal wounds
 q - 6 potions of curing
 t - a potion of resistance {unknown}
 u - a potion of cancellation {unknown}
 v - 3 potions of invisibility {unknown}
 x - a potion of magic {unknown}
 z - 2 potions of degeneration {unknown}
 A - 2 potions of lignification {unknown}
 B - 3 potions of brilliance {unknown}
 J - a potion of attraction {unknown}
 P - a potion of mutation {unknown}
Miscellaneous
 S - a tin of tremorstones (2/2)


   Skills:
 - Level 3.0 Fighting
 + Level 15.3 Axes
 - Level 1.7 Armour
 - Level 1.7 Dodging


You had 9 spell levels left.
You didn't know any spells.
Your spell library contained the following spells:

 Spells                   Type           Power      Damage    Failure   Level
 Apportation              Tloc           0%         N/A       54%         1
 Slow                     Hex            0%         N/A       54%         1
 Sting                    Tmut/Pois      0%         1d3       54%         1
 Ensorcelled Hibernation  Hex/Ice        0%         N/A       69%         2
 Poisonous Vapours        Pois/Air       0%         N/A       69%         2
 Confusing Touch          Hex            0%         N/A       89%         3
 Spider Form              Tmut/Pois      0%         N/A       89%         3
 Vampiric Draining        Necr           0%         2d6       89%         3
 Anguish                  Hex/Necr       0%         N/A       100%        4
 Olgreb's Toxic Radiance  Pois           0%         N/A       100%        4
 Alistair's Intoxication  Tmut/Pois      0%         N/A       100%        5


Dungeon Overview and Level Annotations

Branches:
Dungeon (9/15)             Temple (1/1) D:6            Lair (0/5) D:8
  Sewer (visited)
    Orc: D:9-12

Altars:
Ashenzari
Fedhas
Hepliaklqana
Kikubaaqudgha
Makhleb
Okawaru
Sif Muna
Trog
Uskayaw
Wu Jian
Xom

Shops:
D:3 ![(   D:9 :


Innate Abilities, Weirdness & Mutations

You are partially covered in thin metallic scales. (AC +2)
Your demonic aura sometimes causes spilled blood to erupt in flames.
Your touch may irresistibly damage your foes and sap their willpower.


Message History

You take 9 damage, and have 23/70 hp.
The shadow attacks as you move away! The shadow hits you.
You feel very sick.
The shadow slips into darkness.
The shadow flickers and vanishes!
Deactivating autopickup; reactivate with Ctrl-A.
You take 2 damage, and have 21/70 hp.
You slash something!
You feel sick.
The yak is engulfed in blazing flames.
The shadow strikes at you from the darkness!
Reactivating autopickup.
You take 2 damage, and have 19/70 hp.
You closely miss the shadow.
The shadow is heavily damaged.
You feel sick.
The shadow slips into darkness.
The shadow flickers and vanishes!
Deactivating autopickup; reactivate with Ctrl-A.
The shadow strikes at you from the darkness!
* * * LOW HITPOINT WARNING * * *
Reactivating autopickup.
You take 5 damage, and have 14/70 hp.
You closely miss the shadow.
The shadow is heavily damaged.
You feel sick. The shadow hits you.
* * * LOW HITPOINT WARNING * * *
You take 1 damage, and have 13/70 hp.
You barely miss the shadow.
The shadow is heavily damaged.
You feel sick.
You are no longer poisoned.
The shadow slips into darkness.
The shadow flickers and vanishes!
Deactivating autopickup; reactivate with Ctrl-A.
You take 2 damage, and have 11/70 hp.
You closely miss something.
The shadow strikes at you from the darkness!
* * * LOW HITPOINT WARNING * * *
Reactivating autopickup.
The shadow hits you!
You die...

#.# ##.# #..#
#.## #.# ###.#
# ##...#
+#'######..###
.......K#@##
......YYW.#
......KY###
......YY#
......KY#
..>.....#
........#
........#
........#


You could see 5 yaks, a shadow and 2 kobolds.

Vanquished Creatures
  Joseph (D:9)
  Maggie (D:7)
  A kobold demonologist (D:6)
  A komodo dragon (D:8)
  A hornet (D:6)
  A troll (D:6)
  A slime creature (D:7)
  Sigmund (D:4)
  A wraith (D:7)
  2 wyverns
  Eustachio (D:4)
  9 yaks
  Edmund (D:5)
  4 water moccasins
  Duvessa (D:7)
  Pargi (Sewer)
  2 orc warriors
  An ice beast (D:5)
  A sky beast (D:7)
  3 ogres
  6 centaurs
  2 kobold brigands
  3 bullfrogs (D:7)
  3 scorpions
  Dowan (D:7)
  A killer bee (D:6)
  5 hounds
  2 jellies
  2 orc priests
  Crazy Yiuf (D:5)
  Natasha (twice) (D:2)
  7 orc wizards
  4 iguanas
  4 gnolls
  9 adders
  2 white imps
  An ufetubus (D:6)
  A dart slug (D:1)
  41 orcs
  2 ball pythons
  7 endoplasms
  3 giant cockroaches
  7 goblins
  6 hobgoblins
  12 kobolds
  7 quokkas
  5 bats
  6 frilled lizards
  2 rats
189 creatures vanquished.

Vanquished Creatures (others)
  2 demonic plants (D:2)
  7 plants (D:8)
9 creatures vanquished.

Grand Total: 198 creatures vanquished

Notes
Turn   | Place    | Note
-------+----------+-------------------------------------------
     0 | D:1      | Dirtsage the Demonspawn Berserker began the quest for the
                  | Orb.
     0 | D:1      | Reached XP level 1. HP: 18/18 MP: 1/1
   182 | D:1      | Reached skill level 3 in Axes
   281 | D:1      | Gained mutation: Your touch may inflict minor irresistible
                  | damage on your foes. [demonic ancestry]
   281 | D:1      | Reached XP level 2. HP: 21/24 MP: 2/2
   862 | D:2      | Reached XP level 3. HP: 21/29 MP: 3/3
   960 | D:2      | Noticed Natasha
   968 | D:2      | Killed Natasha
   969 | D:2      | Reached skill level 4 in Axes
  1136 | D:2      | Found a faded altar of an unknown god.
  1188 | D:2      | Noticed Natasha
  1192 | D:2      | Reached ** piety under Trog
  1204 | D:2      | Killed Natasha
  1205 | D:2      | Gained mutation: You are partially covered in thin metallic
                  | scales. (AC +2) [demonic ancestry]
  1205 | D:2      | Reached XP level 4. HP: 23/35 MP: 4/4
  1419 | D:2      | Reached skill level 5 in Axes
  1821 | D:3      | Reached XP level 5. HP: 41/41 MP: 5/5
  1896 | D:3      | Found Cuagh's Weapon Shop.
  1958 | D:3      | Found Kyaphaq's Antique Armour Emporium.
  2275 | D:3      | Found a large runed translucent door.
  2276 | D:3      | Found a large runed translucent door.
  2355 | D:3      | Found Qoddioh's Distillery.
  2364 | D:3      | Bought a potion of curing for 30 gold pieces
  2364 | D:3      | Bought a potion of heal wounds for 50 gold pieces
  2619 | D:3      | Found a shimmering altar of Xom.
  2698 | D:4      | Found a glowing drain.
  2809 | Sewer    | Entered a sewer
  2871 | Sewer    | Noticed Pargi
  2884 | Sewer    | Killed Pargi
  2885 | Sewer    | Reached skill level 6 in Axes
  2885 | Sewer    | Reached XP level 6. HP: 28/47 MP: 6/6
  3201 | D:4      | Reached *** piety under Trog
  3332 | D:4      | Noticed Eustachio
  3332 | D:4      | Noticed Sigmund
  3345 | D:4      | Killed Sigmund
  3346 | D:4      | Reached skill level 7 in Axes
  3347 | D:4      | Killed Eustachio
  3348 | D:4      | Gained mutation: Your touch may inflict irresistible damage
                  | on your foes. [demonic ancestry]
  3348 | D:4      | Reached XP level 7. HP: 52/52 MP: 7/7
  3525 | D:4      | Found a hazy altar of Hepliaklqana.
  3680 | D:5      | Entered Level 5 of the Dungeon
  3761 | D:5      | Reached skill level 8 in Axes
  3765 | D:5      | Found a hide-covered altar of Uskayaw.
  4375 | D:5      | Found a runed translucent door.
  4376 | D:5      | Noticed Crazy Yiuf
  4432 | D:5      | Noticed Edmund
  4449 | D:5      | Killed Edmund
  4450 | D:5      | Reached skill level 9 in Axes
  4450 | D:5      | Reached XP level 8. HP: 28/58 MP: 8/8
  4751 | D:5      | Found an iron altar of Okawaru.
  4755 | D:5      | Found a blossoming altar of Fedhas.
  5104 | D:5      | Killed Crazy Yiuf
  5227 | D:6      | Reached skill level 10 in Axes
  5296 | D:6      | Noticed a kobold demonologist
  5310 | D:6      | Killed a kobold demonologist
  5413 | D:6      | Noticed a hornet
  5423 | D:6      | Killed a hornet
  5424 | D:6      | Reached skill level 11 in Axes
  5426 | D:6      | Gained mutation: Your demonic aura sometimes causes spilled
                  | blood to erupt in flames. [demonic ancestry]
  5426 | D:6      | Reached XP level 9. HP: 36/63 MP: 9/9
  6136 | D:6      | Reached **** piety under Trog
  6183 | D:6      | Found a staircase to the Ecumenical Temple.
  6372 | D:6      | Noticed a troll
  6375 | D:6      | Killed a troll
  6677 | D:6      | Found an ancient bone altar of Kikubaaqudgha.
  6860 | Temple   | Entered the Ecumenical Temple
  6912 | D:7      | Reached skill level 12 in Axes
  6927 | D:7      | Noticed Maggie
  6939 | D:7      | Killed Maggie
  7323 | D:7      | Noticed Duvessa
  7323 | D:7      | Noticed Dowan
  7326 | D:7      | Killed Dowan
  7330 | D:7      | Killed Duvessa
  7391 | D:7      | Reached skill level 13 in Axes
  7602 | D:7      | Found a broken altar of Ashenzari.
  7679 | D:7      | Gained mutation: Your touch may irresistibly damage your
                  | foes and sap their willpower. [demonic ancestry]
  7679 | D:7      | Reached XP level 10. HP: 55/70 MP: 10/10
  7945 | D:7      | Found a bloodstained altar of Trog.
  8179 | D:8      | Reached skill level 14 in Axes
  8271 | D:8      | Found a staircase to the Lair.
  8547 | D:8      | Identified the +6 quarterstaff of Hyleorghext {spect, *Slow
                  | rElec rCorr Str+4 Int+3}
  8579 | D:8      | Found a shimmering blue altar of Sif Muna.
  8735 | D:8      | Noticed an angel
  8834 | D:9      | Upgraded the game from 0.30-a0-956-gcec3b41aec to
                  | 0.30-a0-964-gd452b5e7fa
  8977 | D:9      | Noticed Joseph
  8992 | D:9      | Killed Joseph
  9387 | D:9      | Found Puiraje's Book Shop.
  9538 | D:9      | Reached skill level 15 in Axes
  9758 | D:9      | HP: 2/70 [something (10)]
  9758 | D:9      | Slain by a shadow

Illustrated notes

Levels and vault maps discovered:
D:1:      matt_arrival_refuge, layout_loops_ring
D:2:      minmay_chambers_of_twos, layout_basic,
          dreamdust_ecumenical_altar_sealed_demon, serial_forest,
          infiniplex_forest_zigzag_1, infiniplex_forest_lined_room_3,
          infiniplex_forest_straight_4, infiniplex_forest_straight_4,
          infiniplex_forest_zigzag_2, infiniplex_forest_corner_2,
          minmay_misc_feat_chi, uniq_natasha
D:3:      layout_basic, jmf_multi_god_temple2, serial_shops, shop,
          nicolae_square_shop, shop
D:4:      layout_cave_pools, mainiacjoe_overflow_surrounded_room,
          portal_sewer_entry_d, uniq_eustachio, uniq_sigmund
D:5:      layout_loops_corners, eat_drink_and_be_merry_uskayaw,
          nicolae_overflow_hidden_temple, uniq_crazy_yiuf_cottage, uniq_edmund
D:6:      layout_cave_pods, mainiacjoe_overflow_alcove_1,
          minmay_temple_entry_stoned_glass, hangedman_minor_gate_pass
D:7:      layout_gridville, trog_antimagical, ashenzari_altar_1,
          grunt_ministairs_2, minmay_manual_mail, uniq_duvessa, uniq_maggie
D:8:      layout_loops_ring, nicolae_sif_muna_little_library, zin_angel,
          david_lair_shrubbed
D:9:      layout_basic, serial_shops, nicolae_shop_crystal, uniq_joseph
Temple:   nicolae_temple_two_arcs

Skill      XL: |  1  2  3  4  5  6  7  8  9 10 |
---------------+-------------------------------+-----
Axes           | 3 4 5 6 7 9 11 13 15 | 15.3
Fighting       | |  3.0
Armour         | |  1.7
Dodging        | |  1.7

Action                     |  1- 3 |  4- 6 |  7- 9 | 10-12 || total
---------------------------+-------+-------+-------+-------++-------
  Melee: Hand axe          |    66 |   144 |   257 |   123 ||   590
         Touch             |     6 |    23 |    57 |    25 ||   111
         Punch             |       |     3 |     4 |     1 ||     8
 Invoke: Berserk           |       |     1 |     8 |     1 ||    10
         Trog's Hand       |       |     1 |       |       ||     1
 Armour: Chain mail        |    32 |   137 |    94 |       ||   263
         Animal skin       |     3 |       |       |       ||     3
         Scale mail        |       |       |    18 |       ||    18
         Swamp dragon scal |       |       |    10 |    47 ||    57
  Dodge: Dodged            |    22 |    61 |   100 |    47 ||   230

Table legend: (Time is in decaauts)
 A = Elapsed time spent in this place.
 B = Non-inter-level travel time spent in this place.
 C = Inter-level travel time spent in this place.
 D = Time resting spent in this place.
 E = Time spent auto-exploring this place.
 F = Levels seen in this place.
 G = Mean time per level.
                   A        B        C        D        E       F      G
               +--------+--------+--------+--------+--------+-----+--------+
         Total |   9866 |   9410 |    456 |    797 |   7396 |  11 |  896.9 |
       Dungeon |   9641 |   9185 |    456 |    797 |   7243 |   9 | 1071.2 |
        Temple |      1 |      1 |      0 |      0 |      0 |   1 |    1.0 |
         Sewer |    223 |    223 |      0 |      0 |    153 |   1 |  223.0 |
               +--------+--------+--------+--------+--------+-----+--------+

Top non-repeatable levels by time:
     D:6: 1633 daAuts
     D:5: 1615 daAuts
     D:7: 1124 daAuts
     D:2: 1069 daAuts
     D:9: 920 daAuts
     D:3: 861 daAuts
     D:8: 841 daAuts
     D:4: 825 daAuts
     D:1: 749 daAuts
   Sewer: 223 daAuts
  Temple: 1 daAuts
